 Dungeon Crawl Stone Soup version 0.31-a0-1626-g5cb510d322 (webtiles) character file.

Game seed: 3353906992945746459

43635 relicbr the Blocker (level 13, -2/131 HPs)
             Began as a Troll Berserker on Jan 12, 2024.
             Was a High Priest of Trog.
             Slain by a 16-headed hydra (4 damage)
             ... on level 5 of the Lair of Beasts.
             The game lasted 00:25:50 (10584 turns).

relicbr the Blocker (Troll Berserker)              Turns: 10584, Time: 00:25:51

Health: -2/131     AC: 10    Str: 30    XL:     13   Next: 91%
Magic:  12/12      EV: 17    Int:  8    God:    Trog [*****.]
Gold:   689        SH: 26    Dex: 14    Spells: 12/12 levels left

rFire   + .          .
                       - Unarmed
rCold   + . .        j - +8 tower shield of the Black Moon {^Contam rC+ Dex+3}
rNeg    . . .        r - +4 robe of Cheibriados, Shouting {Regen+ Str+2 Int+3 Stlth+}
rPois   .            I - +1 hat {Will+}
rElec   .            h - +0 cloak
rCorr   .            (gloves unavailable)
SInv    .            (boots unavailable)
Will    +....        o - amulet of regeneration
Stlth   ++           g - ring of protection from fire
HPRegen 2.81/turn    J - +5 ring of evasion
MPRegen 0.13/turn

%: no passive effects
@: on berserk cooldown, slowed, very slow
A: large, unfitting armour, claws 3, regeneration 1, shaggy fur 1, tough skin 1
a: Renounce Religion, Berserk, Trog's Hand, Brothers in Arms


You were on level 5 of the Lair of Beasts.
You worshipped Trog.
Trog was extremely pleased with you.
You visited 2 branches of the dungeon, and saw 15 of its levels.

You collected 733 gold pieces.
You spent 44 gold pieces at shops.

Inventory:

Missiles
 c - 3 large rocks
 t - 22 poisoned darts (quivered)
 x - a curare-tipped dart
 H - 4 javelins
Armour
 h - a +0 cloak (worn)
 j - the +8 tower shield of the Black Moon (worn) {^Contam rC+ Dex+3}
   (You acquired it on level 9 of the Dungeon)

   Dex+3:     It affects your dexterity (+3).
   rC+:       It protects you from cold.
   ^Contam:   It causes magical contamination when unequipped.
 r - the +4 robe of Cheibriados, Shouting (worn) {Regen+ Str+2 Int+3 Stlth+}
   (You found it on level 4 of the Dungeon)

   Str+2:     It affects your strength (+2).
   Int+3:     It affects your intelligence (+3).
   Regen+:    It increases your rate of health regeneration.
   Stlth+:    It makes you more stealthy.
 I - a +1 hat of willpower (worn)
Jewellery
 a - a ring of see invisible
 g - a ring of protection from fire (left claw)
 k - a ring of willpower
 o - an amulet of regeneration (around neck)
 F - a +6 ring of intelligence
 J - a +5 ring of evasion (right claw)
Wands
 i - a wand of roots (10)
 m - a wand of flame (25)
 A - a wand of mindburst (14)
 E - a wand of paralysis (10)
Scrolls
 e - 7 scrolls of blinking
 l - 2 scrolls of fear
 n - 3 scrolls of poison {unknown}
 p - 5 scrolls of teleportation
 u - 3 scrolls of enchant armour {unknown}
 y - 2 scrolls of silence {unknown}
 B - a scroll of enchant weapon {unknown}
 C - a scroll of fog {unknown}
 K - a scroll of noise {unknown}
Potions
 b - a potion of berserk rage
 d - a potion of might
 f - 2 potions of lignification
 q - 4 potions of curing
 s - 2 potions of enlightenment {unknown}
 v - 2 potions of cancellation {unknown}
 w - 3 potions of ambrosia {unknown}
 z - 3 potions of mutation {unknown}
 D - 3 potions of heal wounds {unknown}
 G - a potion of invisibility {unknown}
Miscellaneous
 L - a tin of tremorstones (2/2)


   Skills:
 * Level 9.1 Fighting
 - Level 0.2 Short Blades
 - Level 0.2 Long Blades
 - Level 0.2(0.4) Axes
 - Level 0.3(0.4) Maces & Flails
 - Level 0.4(0.6) Polearms
 - Level 0.2(0.4) Staves
 - Level 0.1 Ranged Weapons
 * Level 9.3 Dodging
 * Level 14.9 Shields
 * Level 10.7 Unarmed Combat
 - Level 0.1 Invocations
 - Level 2.5 Evocations
 - Level 0.1 Shapeshifting


You had 12 spell levels left.
You didn't know any spells.
Your spell library was empty.

Dungeon Overview and Level Annotations

Branches:
Dungeon (10/15)            Temple (0/1) D:7            Lair (5/5) D:10
  Swamp (0/4) Lair:3        Snake (0/4) Lair:2        Slime (0/5) Lair:4
    Orc: D:9-12

Altars:
Ashenzari
Cheibriados
Dithmenos
Elyvilon
Fedhas
Gozag
Ru
Vehumet
Xom
Yredelemnul

Shops:
D:8 ?

Annotations:
D:4 2 transporters, hattop's ghost, amateur DrFi
D:8 3 runed translucent doors, avangion's ghost, novice DECj
D:10 exclusion: oklob plant


Innate Abilities, Weirdness & Mutations

You are too large for most types of armour.
You have claws for hands.
Your natural rate of healing is unusually fast.
You are covered in fur. (AC +1)
You have tough skin. (AC +1)


Message History

The 14-headed hydra completely misses you.
The 14-headed hydra bites you but does no damage.
The 14-headed hydra misses you.
You rip one of the 14-headed hydra's heads off!
The 13-headed hydra grows two more!
You mangle the 15-headed hydra!!
The 15-headed hydra is almost dead.
You block the harpy's attack. x2; You block the 15-headed hydra's attack. x2
The 15-headed hydra closely misses you. The 15-headed hydra misses you.
The 15-headed hydra bites you. The 15-headed hydra bites you!
* * * LOW HITPOINT WARNING * * *
The 15-headed hydra barely misses you. The 15-headed hydra closely misses you.
The 15-headed hydra bites you.
* * * LOW HITPOINT WARNING * * *
The 15-headed hydra bites you!
* * * LOW HITPOINT WARNING * * *
The 15-headed hydra misses you.
The 15-headed hydra completely misses you.
The 15-headed hydra closely misses you. x3
You tear one of the 15-headed hydra's heads off!
The 14-headed hydra grows two more!
You scratch the 16-headed hydra.
The 16-headed hydra is almost dead.
You are no longer berserk.
You are exhausted.
You feel as though you will be slow longer.
You block the harpy's attack. The harpy closely misses you.
You block the 16-headed hydra's attack. x3; The 16-headed hydra bites you!
* * * LOW HITPOINT WARNING * * *
The 16-headed hydra bites you!
* * * LOW HITPOINT WARNING * * *
The 16-headed hydra misses you.
The 16-headed hydra completely misses you.
The 16-headed hydra closely misses you. The 16-headed hydra bites you.
* * * LOW HITPOINT WARNING * * *
The 16-headed hydra bites you but does no damage.
The 16-headed hydra completely misses you.
The 16-headed hydra bites you but does no damage. x3
The 16-headed hydra bites you.
* * * LOW HITPOINT WARNING * * *
The 16-headed hydra bites you.
You die...

#.......... ##
#.....#...## ##..#
##....##....##
#....##......#.....
......#......##...#
.................# .
..........###...# . .#
#.......P##.H.# ..$
..###..........#@###....
..
##†..#.......YYD##......
..
...†.........YwY†YY..D..
...
.†...........YYllY...Y..
..y.
..<...........YYY.YY.Y(.
....
......(............Y....
.....
......................(.
......
........................
......
........................
......


You could see a 16-headed hydra, an elephant, a torpor snail, a komodo dragon, 4
yaks, a harpy and 3 dream sheep.

Vanquished Creatures
  Gastronok (Lair:2)
  2 hydras
  A boulder beetle (Lair:2)
  A two-headed ogre (D:9)
  Erica (D:9)
  7 death yaks
  Urug (Lair:1)
  A skyshark (Lair:5)
  A skeletal warrior (D:10)
  A salamander (Lair:2)
  8 elephants
  2 black mambas
  A gargoyle (D:10)
  A torpor snail (Lair:3)
  17 cane toads
  6 rime drakes
  7 komodo dragons
  A wind drake (Lair:4)
  4 polar bears
  A hornet (Lair:4)
  Grinder (D:3)
  9 blink frogs
  A snapping turtle (Lair:5)
  3 slime creatures (Lair:4)
  A shadow (D:7)
  A wyvern (D:9)
  48 yaks
  3 wraiths (D:10)
  A basilisk (Lair:4)
  2 steam dragons
  3 vampire mosquitoes (D:10)
  Menkaure (D:5)
  3 nagas (Lair:2)
  A swamp worm (Lair:3)
  Duvessa (D:5)
  An acid dragon (D:9)
  15 water moccasins
  3 orc warriors
  An ice beast (D:6)
  A black bear (D:5)
  A sky beast (D:8)
  2 ogres
  35 wolves
  6 centaurs
  3 phantoms
  4 kobold brigands
  11 bullfrogs
  2 scorpions
  4 wights (D:9)
  Dowan (D:5)
  10 killer bees
  2 electric eels (Lair:3)
  A bombardier beetle (D:5)
  2 sleepcaps
  2 jellies
  8 orc priests
  3 hounds
  Jessica (D:3)
  10 orc wizards
  2 iguanas (D:5)
  A hell rat (D:10)
  4 gnolls
  5 adders
  A river rat (D:10)
  3 shadow imps (D:7)
  A white imp (D:7)
  2 ufetubi (D:6)
  A ribbon worm (D:3)
  3 dart slugs
  22 orcs
  6 bats
  2 endoplasms
  3 giant cockroaches (D:2)
  5 goblins
  4 hobgoblins
  4 jackals (D:2)
  5 quokkas
  6 ball pythons
  A frilled lizard (D:1)
  24 kobolds
  6 rats
384 creatures vanquished.

Vanquished Creatures (others)
  A kobold (D:7)
1 creature vanquished.

Grand Total: 385 creatures vanquished

Notes
Turn   | Place    | Note
-------+----------+-------------------------------------------
     0 | D:1      | relicbr the Troll Berserker began the quest for the Orb.
     0 | D:1      | Reached XP level 1. HP: 22/22 MP: 0/0
   162 | D:1      | Reached XP level 2. HP: 29/29 MP: 1/1
   769 | D:2      | Reached XP level 3. HP: 36/36 MP: 2/2
   874 | D:2      | Reached ** piety under Trog
  1213 | D:2      | Reached XP level 4. HP: 44/44 MP: 3/3
  1381 | D:3      | Noticed Jessica
  1396 | D:3      | Reached skill level 5 in Unarmed Combat
  1396 | D:3      | Killed Jessica
  1463 | D:3      | Noticed Grinder
  1475 | D:3      | Killed Grinder
  1476 | D:3      | Reached XP level 5. HP: 50/50 MP: 4/4
  1476 | D:3      | Reached XP level 6. HP: 59/59 MP: 5/5
  1567 | D:3      | Found a broken altar of Ashenzari.
  1771 | D:4      | Found a transporter.
  1779 | D:4      | Noticed hattop's ghost (amateur DrFi)
  1782 | D:4      | Found a transporter.
  1894 | D:4      | Reached *** piety under Trog
  1895 | D:4      | Reached XP level 7. HP: 54/66 MP: 6/6
  2208 | D:4      | Identified the +4 robe of Cheibriados, Shouting {Regen+
                  | Str+2 Int+3 Stlth+}
  2242 | D:5      | Entered Level 5 of the Dungeon
  2255 | D:5      | Noticed Duvessa
  2255 | D:5      | Noticed Dowan
  2263 | D:5      | Killed Duvessa
  2265 | D:5      | Killed Dowan
  2299 | D:5      | Found a radiant altar of Vehumet.
  2343 | D:5      | Found a shadowy altar of Dithmenos.
  2470 | D:5      | Reached skill level 5 in Fighting
  2470 | D:5      | Reached XP level 8. HP: 80/80 MP: 7/7
  2632 | D:5      | Found a white marble altar of Elyvilon.
  2633 | D:5      | Found a snail-covered altar of Cheibriados.
  2860 | D:5      | Noticed Menkaure
  2866 | D:5      | Killed Menkaure
  3880 | D:7      | Found a shimmering altar of Xom.
  3881 | D:7      | Found a shimmering altar of Xom.
  3890 | D:7      | Found a shimmering altar of Xom.
  3890 | D:7      | Found a shimmering altar of Xom.
  3892 | D:7      | Found a shimmering altar of Xom.
  3914 | D:7      | Found a staircase to the Ecumenical Temple.
  3989 | D:7      | Reached XP level 9. HP: 96/96 MP: 8/8
  4313 | D:7      | Found an opulent altar of Gozag.
  4386 | D:7      | Reached **** piety under Trog
  4518 | D:7      | Reached skill level 5 in Dodging
  4711 | D:8      | Found Ugicuf's Magic Scroll Shoppe.
  4730 | D:8      | Bought a scroll of identify for 22 gold pieces
  4730 | D:8      | Bought a scroll of identify for 22 gold pieces
  4767 | D:8      | Found a runed translucent gate.
  4767 | D:8      | Found a runed translucent gate.
  4767 | D:8      | Found a runed translucent gate.
  4769 | D:8      | Noticed a kobold demonologist
  4772 | D:8      | Noticed avangion's ghost (novice DECj)
  4854 | D:8      | Reached XP level 10. HP: 106/106 MP: 9/9
  5260 | D:9      | Identified the +8 chain mail "Rateeg" {rElec rPois rN+
                  | Str-4}
  5346 | D:9      | Reached ***** piety under Trog
  5466 | D:9      | Noticed Erica
  5480 | D:9      | Killed Erica
  5684 | D:9      | Reached skill level 1 in Evocations
  5791 | D:9      | Noticed a two-headed ogre
  5804 | D:9      | Killed a two-headed ogre
  5835 | D:9      | Identified a scroll of acquirement
  5836 | D:9      | Acquired the +8 tower shield of the Black Moon {^Contam rC+
                  | Dex+3}
  5870 | D:10     | Entered Level 10 of the Dungeon
  5884 | D:10     | Found a blossoming altar of Fedhas.
  5912 | D:10     | Noticed an oklob plant
  6059 | D:10     | Noticed a death yak
  6059 | D:10     | Noticed a death yak
  6061 | D:10     | Noticed a gargoyle
  6076 | D:10     | Reached skill level 1 in Shields
  6082 | D:10     | Reached skill level 2 in Shields
  6091 | D:10     | Killed a death yak
  6092 | D:10     | Reached skill level 3 in Shields
  6094 | D:10     | Killed a gargoyle
  6095 | D:10     | Reached skill level 4 in Shields
  6099 | D:10     | Noticed a death yak
  6100 | D:10     | Reached XP level 11. HP: 113/113 MP: 10/10
  6106 | D:10     | Killed a death yak
  6107 | D:10     | Reached skill level 5 in Shields
  6115 | D:10     | Killed a death yak
  6120 | D:10     | Reached skill level 6 in Shields
  6135 | D:10     | Found a staircase to the Lair.
  6256 | D:10     | Noticed a skeletal warrior
  6268 | D:10     | Killed a skeletal warrior
  6269 | D:10     | Reached skill level 7 in Shields
  6271 | D:10     | Found the +5 scythe "Finisher" {speed, execute}
  6335 | D:10     | Identified the +1 shortbow of Judgement {speed, Int+2}
  6353 | D:10     | Identified the +6 mace "Ocvuen" {heavy, rC+}
  6367 | D:10     | Found a sacrificial altar of Ru.
  6615 | D:10     | Found a basalt altar of Yredelemnul.
  6881 | Lair:1   | Entered Level 1 of the Lair of Beasts
  6913 | Lair:1   | Reached skill level 8 in Shields
  7051 | Lair:1   | Reached skill level 9 in Shields
  7142 | Lair:1   | Noticed Urug
  7152 | Lair:1   | Killed Urug
  7210 | Lair:1   | Reached skill level 10 in Shields
  7508 | Lair:1   | Reached XP level 12. HP: 44/122 MP: 11/11
  7595 | Lair:2   | Reached skill level 11 in Shields
  7733 | Lair:2   | Noticed Gastronok
  7745 | Lair:2   | Killed Gastronok
  7844 | Lair:2   | Reached skill level 12 in Shields
  7898 | Lair:2   | Noticed an eight-headed hydra
  7910 | Lair:2   | Killed a 13-headed hydra
  8040 | Lair:2   | Noticed a boulder beetle
  8052 | Lair:2   | Killed a boulder beetle
  8251 | Lair:2   | Found a staircase to the Snake Pit.
  8409 | Lair:3   | Reached skill level 13 in Shields
  8435 | Lair:3   | Received a gift from Trog
  8829 | Lair:3   | Reached XP level 13. HP: 128/128 MP: 12/12
  8966 | Lair:3   | Found a staircase to the Swamp.
  9014 | Lair:3   | Reached skill level 14 in Shields
  9490 | Lair:4   | Found a staircase to the Slime Pits.
 10101 | Lair:5   | Entered Level 5 of the Lair of Beasts
 10111 | Lair:5   | Received a gift from Trog
 10256 | Lair:4   | Reached skill level 10 in Unarmed Combat
 10584 | Lair:5   | HP: 2/131 [16-headed hydra (5)]
 10584 | Lair:5   | Slain by a 16-headed hydra

Illustrated notes

Levels and vault maps discovered:
D:1:      doesnt_arrival_eight_statues, layout_loops_ring,
          amcnicky_mini_pool_small, minmay_misc_feat_more_columns
D:2:      layout_basic
D:3:      layout_rooms, cheibrodos_ashenzari_chains, uniq_grinder, uniq_jessica
D:4:      kennysheep_big_flooded_room, layout_rooms, gammafunk_ghost_mausoleum
D:5:      layout_loops_ring, mainiacjoe_overflow_boulevard,
          chequers_temple_overflow_statue_of_worship,
          mainiacjoe_overflow_chevrons, blue_anna_alchemist,
          serial_library_hellmonk_hallway_b, chequers_decorated_corner,
          uniq_duvessa, uniq_menkaure
D:6:      layout_loops_corners
D:7:      layout_gridville, marbit_many_paths, xom_redecorated,
          minmay_temple_entry_arrows
D:8:      layout_loops_cross, serial_shops, shop, gammafunk_ghost_nasty_kobolds
D:9:      layout_roguey, nicolae_kite_square_tiling_tiny, uniq_erica
D:10:     layout_roguey, lemuel_coloured_pillars_altar, kennysheep_mini,
          tgw_fedhas, dpeg_lair_monsters, minmay_guarded_unrand_finisher
Lair:1:   layout_cave_shapes, beast_lair_carwin_1, uniq_urug
Lair:2:   layout_loops_ring, alex1729_snake_entry_snake, nzn_sisyphean_effort,
          uniq_gastronok
Lair:3:   layout_roguey, nicolae_swamp_entry_splash_gauntlet
Lair:4:   layout_regular_city, minmay_slime_entry_pillars
Lair:5:   gammafunk_lair_ancient_temple, layout_regular_city, disabler_island

Skill      XL: |  1  2  3  4  5  6  7  8  9 10 11 12 13 |
---------------+----------------------------------------+-----
Unarmed Combat | 4 6 8 10 | 10.7
Fighting       | 5 8 9 |  9.1
Dodging        | 6 8 9 |  9.3
Evocations     | 2 |  2.5
Shields        | 4 10 13 14 | 14.9
Short Blades   | |  0.2
Long Blades    | |  0.2
Axes           | |  0.2
Maces & Flails | |  0.3
Polearms       | |  0.4
Staves         | |  0.2
Ranged Weapons | |  0.1
Invocations    | |  0.1
Shapeshifting  | |  0.1

Action                     |  1- 3 |  4- 6 |  7- 9 | 10-12 | 13-15 || total
---------------------------+-------+-------+-------+-------+-------++-------
  Melee: Unarmed           |   106 |    66 |   254 |   682 |   437 ||  1545
         Punch             |     1 |     2 |     8 |     4 |       ||    15
  Throw: Dart              |       |       |       |       |     2 ||     2
 Invoke: Berserk           |       |     1 |     1 |     7 |     2 ||    11
         Trog's Hand       |       |       |       |     2 |       ||     2
    Use: Scroll            |       |     3 |     4 |     5 |       ||    12
   Stab: Sleeping          |       |       |     4 |     2 |     3 ||     9
         Distracted        |       |       |     1 |       |       ||     1
 Armour: Animal skin       |    77 |     7 |       |       |       ||    84
         Robe              |       |    43 |   185 |   203 |   171 ||   602
  Dodge: Dodged            |    42 |    32 |   149 |   136 |   163 ||   522
  Block: Tower shield      |       |       |       |   755 |   673 ||  1428

Table legend: (Time is in decaauts)
 A = Elapsed time spent in this place.
 B = Non-inter-level travel time spent in this place.
 C = Inter-level travel time spent in this place.
 D = Time resting spent in this place.
 E = Time spent auto-exploring this place.
 F = Levels seen in this place.
 G = Mean time per level.
                   A        B        C        D        E       F      G
               +--------+--------+--------+--------+--------+-----+--------+
         Total |  10594 |  10112 |    482 |    197 |   7110 |  15 |  706.3 |
       Dungeon |   6858 |   6551 |    307 |     64 |   5136 |  10 |  685.8 |
          Lair |   3735 |   3561 |    174 |    133 |   1973 |   5 |  747.0 |
               +--------+--------+--------+--------+--------+-----+--------+

Top non-repeatable levels by time:
  Lair:4: 1189 daAuts
    D:10: 1025 daAuts
  Lair:2: 866 daAuts
     D:5: 811 daAuts
     D:6: 802 daAuts
  Lair:3: 766 daAuts
     D:9: 705 daAuts
  Lair:1: 690 daAuts
     D:2: 684 daAuts
     D:1: 665 daAuts
     D:8: 642 daAuts
     D:7: 642 daAuts
     D:4: 501 daAuts
     D:3: 377 daAuts
  Lair:5: 223 daAuts
